 Dungeon Crawl Stone Soup version 0.21.1-1-g345015f (webtiles) character file.

135968 shitimlost the Fighter (level 16, -2/129 HPs)
             Began as a Vampire Assassin on Feb 4, 2018.
             Was a Follower of Uskayaw.
             Killed from afar by a thorn hunter (30 damage)
             ... with a volley of thorns
             ... on level 1 of the Swamp on Feb 6, 2018.
             The game lasted 03:05:30 (41522 turns).

shitimlost the Fighter (Vampire Assassin)          Turns: 41522, Time: 03:05:30

Health: -2/129     AC:  0    Str: 13    XL:     16   Next: 65%
Magic:  15/20      EV: 32    Int: 15    God:    Uskayaw [*.....]
Gold:   1566       SH:  0    Dex: 21    Spells: 13/15 levels left

rFire    . . .     SeeInvis +     - Unarmed
rCold    + . .     Gourm    .   (shield currently unavailable)
rNeg     + + .     Faith    +   (armour currently unavailable)
rPois    +         Spirit   .   (helmet currently unavailable)
rElec    .         Reflect  .   (cloak currently unavailable)
rCorr    .         Harm     .   (gloves currently unavailable)
MR       +....                  (boots currently unavailable)
Stlth    +++++++...             M - amulet of faith
HPRegen  0.15/turn              (ring currently unavailable)
MPRegen  0.17/turn              (ring currently unavailable)

@: bat-form, flying, regenerating slowly, very quick
A: tiny, fangs 3, see invisible, weak 1
a: End Transformation, Stomp, Renounce Religion


You were on level 1 of the Swamp.
You worshipped Uskayaw.
Uskayaw was noncommittal.
You were thirsty.
You were in vampire-bat-form.
You visited 5 branches of the dungeon, and saw 25 of its levels.

You collected 2547 gold pieces.
You spent 981 gold pieces at shops.

Inventory:

Hand Weapons
 b - a +0 blowgun
 l - the +9 longbow "Vihakhli" {venom, Dex+5}
   (You took it off an orc warrior on level 13 of the Dungeon)

   It poisons the ammo it fires.
   It affects your dexterity (+5).
 w - a +2 dagger of draining
 W - the +4 triple sword "Ipsyunto" (melded) {freeze, Dex+7}
   (You took it off an orc warrior on level 13 of the Dungeon)

   It has been specially enchanted to freeze those struck by it, causing extra
   injury to most foes and up to half again as much damage against particularly
   susceptible opponents.
   It can also slow down cold-blooded creatures.
   It affects your dexterity (+7).
Missiles
 v - 6 needles of sleeping
 C - 384 arrows
 E - 9 curare-tipped needles
 F - 62 poisoned needles
 J - 6 javelins of penetration (quivered)
Armour
 d - a +2 cloak (melded)
 j - the +0 hat of the Crown (melded) {Str+6}
   (You acquired it on level 14 of the Dungeon)

   It affects your strength (+6).
 k - the +1 ring mail of Pyfebunk {rC- MR+ Str+4 Int+3}
   (You found it on level 13 of the Dungeon)

   It affects your strength (+4).
   It affects your intelligence (+3).
   It makes you vulnerable to cold.
   It affects your resistance to hostile enchantments.
 m - the cursed +1 ring mail "Ciont" (melded) {rElec Int+5 Slay+3}
   (You bought it in a shop on level 2 of the Orcish Mines)

   It affects your intelligence (+5).
   It affects your accuracy and damage with ranged weapons and melee attacks
   (+3).
   It insulates you from electricity.
   It has a curse placed upon it.
 n - a +2 pair of gloves (melded)
Jewellery
 a - an uncursed ring of protection from cold
 f - an uncursed ring of flight
 h - a +4 ring of evasion (melded)
 r - a +2 ring of slaying (melded)
 t - an uncursed ring of protection from fire
 A - an uncursed ring of resist corrosion
 M - an amulet of faith (around neck)
Wands
 c - a wand of enslavement (8)
 e - a wand of clouds (2)
 G - a wand of disintegration (29)
 H - a wand of digging (44)
 L - a wand of flame (48)
 O - a wand of paralysis (42)
 R - a wand of iceblast (5)
Scrolls
 o - 4 scrolls of remove curse
 u - 5 scrolls of enchant armour
 D - 3 scrolls of identify
 K - a scroll of immolation
 S - 3 scrolls of fear
 U - 5 scrolls of teleportation
Potions
 g - 4 potions of blood
 i - 11 potions of curing
 p - 4 potions of flight
 q - 2 potions of magic
 s - 2 potions of haste
 z - a potion of ambrosia
 B - a potion of mutation
 Q - a potion of might
 T - a potion of brilliance
 V - 4 potions of resistance
 X - a potion of heal wounds
 Y - 2 potions of cancellation
Miscellaneous
 x - a lightning rod (4/4)
 y - a lamp of fire
 I - a phantom mirror
 P - a phial of floods
 Z - a box of beasts


   Skills:
 + Level 12.4 Fighting
 - Level 10.0(12.6) Short Blades
 + Level 11.7(12.9) Long Blades
 + Level 10.6 Bows
 - Level 1.7 Throwing
 + Level 6.0 Armour
 - Level 10.7 Dodging
 - Level 11.1 Stealth
 - Level 7.5 Unarmed Combat
 - Level 9.1 Hexes
 - Level 6.3 Invocations
 - Level 2.1 Evocations


You had 13 spell levels left.
You knew the following spells:

 Your Spells              Type           Power        Failure   Level  Hunger
a - Slow                  Hex            ####....     1%          2    ###....


Dungeon Overview and Level Annotations

Branches:
Dungeon (15/15)            Temple (1/1) D:6            Lair (6/6) D:9
  Swamp (1/4) Lair:2        Snake (0/4) Lair:2        Slime (0/5) Lair:5
    Orc (2/2) D:12            Elf (0/3) Orc:2        Vaults (0/5) D:14
 Depths (0/5) D:15

Altars:
Ashenzari
Cheibriados
Dithmenos
Elyvilon
Gozag
Hepliaklqana
Kikubaaqudgha
Makhleb
Nemelex Xobeh
Okawaru
Qazlal
Ru
Sif Muna
Trog
Uskayaw
Vehumet
Wu Jian
Xom
Yredelemnul
Zin
The Shining One
Beogh

Shops:
D:9 *   D:15 =   Orc:2 [(=*:

Annotations:
D:6 Kurtz's ghost, novice OpAK
D:12 2 transporters


Innate Abilities, Weirdness & Mutations

You heal slowly.
You have razor-sharp teeth.
You have supernaturally acute eyesight. (SInv)
((You can survive without breathing.))
((You have a pair of small horns on your head.))
You are weak. (Str -2)


Message History

An alligator comes into view.
The briar patch crumbles away.
The thorn hunter fires a volley of thorns at you.
The volley of thorns misses you.
Found a stone staircase leading down.
You turn into a vampire bat.
The +4 triple sword "Ipsyunto" {freeze, Dex+7} melds into your body.
Your +2 cloak melds into your body.
The +0 hat of the Crown {Str+6} melds into your body.
Your +2 pair of gloves melds into your body.
The cursed +1 ring mail "Ciont" {rElec Int+5 Slay+3} melds into your body.
Your +2 ring of slaying melds into your body.
Your +4 ring of evasion melds into your body.
The +4 triple sword "Ipsyunto" {freeze, Dex+7} stops glowing.
The briar patch crumbles away.
The briar patch crumbles away.
The briar patch seems less confused. x2
The alligator puts on a burst of speed!
The thorn hunter fires a volley of thorns at you.
The volley of thorns hits you!
You die...

... ≈.. ..≈ ♣≈.≈
≈.≈≈≈≈≈ .≈≈
♣♣♣♣♣.≈≈≈≈≈≈§ .≈♣
♣♣≈..♣≈.≈≈≈...
♣♣♣≈♣♣....§..≈≈≈..>
♣..≈≈♣.≈.≈♣.≈.... ≈
♣b≈≈.≈♣....≈≈.≈
♣♣...ft≈♣≈♣≈.♣
♣♣♣♣♣w......♣♣
♣♣..≈≈...♣ ♣♣♣
♣.P≈≈≈.... ♣≈.♣
♣♣.≈≈..≈≈≈≈
♣♣..♣♣♣♣♣♣≈†P≈.≈≈≈≈≈
♣.....♣≈♣♣≈.≈≈P≈≈≈≈.
≈≈
♣♣≈≈≈≈≈.♣.....≈≈≈≈≈..


You could see a thorn hunter, an alligator and a tyrant leech.

Vanquished Creatures
  Saint Roka (Orc:2)
  An ettin (Orc:1)
  2 vault guards (D:14)
  Fannar (Lair:2)
  Erolcha (D:9)
  5 centaur warriors
  10 hydras
  Erica (D:11)
  The ghost of Alphaeus the Grappler, a novice TrTm of Cheibriados (D:9)
  15 two-headed ogres
  A catoblepas (Lair:6)
  2 alligators (Swamp:1)
  3 ogre magi
  A vampire mage (D:15)
  Nergalle (Orc:2)
  2 deep elf knights (D:13)
  A storm dragon zombie (D:15)
  An orc high priest (Orc:2)
  Urug (Lair:2)
  A skeletal warrior (D:15)
  A spark wasp zombie (D:15)
  7 orc knights
  An unseen horror (D:14)
  4 necromancers
  3 wizards (D:14)
  A wolf spider (Lair:6)
  2 orc sorcerers (Orc:2)
  A fire giant zombie (D:15)
  A cyclops (D:15)
  A manticore (D:12)
  A guardian serpent (Lair:6)
  13 elephants
  10 black mambas
  2 gargoyles
  16 spiny frogs
  A kobold demonologist (D:13)
  2 rime drakes
  3 centaur skeletons
  6 komodo dragons
  A guardian mummy (D:15)
  2 polar bears (D:11)
  8 trolls
  12 blink frogs
  A tyrant leech (Swamp:1)
  8 hornets
  10 hippogriffs
  5 slime creatures
  17 dream sheep
  A centaur simulacrum (D:15)
  A redback (Lair:6)
  A shadow (D:14)
  18 humans (D:14)
  Sigmund (D:5)
  2 wraiths
  38 yaks
  7 wyverns
  A hog (D:8)
  4 basilisks
  Grum (D:10)
  Edmund (D:5)
  6 vampire mosquitoes (Swamp:1)
  3 acid dragons
  The ghost of bumaa the Shield-Bearer, an amateur GrFi of Okawaru (D:4)
  2 wargs (Orc:2)
  3 nagas (Lair:2)
  2 soldier ants (D:11)
  25 water moccasins
  44 orc warriors
  9 porcupines
  A hornet zombie (D:10)
  3 ice beasts
  2 black bears
  A sky beast (D:9)
  6 wolves
  An eye of draining (D:15)
  22 ogres
  4 phantoms
  4 boggarts (D:14)
  10 crocodiles
  9 centaurs
  3 big kobolds
  15 bullfrogs
  A wyvern zombie (D:12)
  6 scorpions
  A vampire bat (Lair:1)
  5 wights (D:12)
  3 howler monkeys
  3 bullfrog zombies
  3 centaur zombies
  5 crimson imps
  A quasit (D:9)
  3 hounds
  9 jellies
  17 orc priests
  26 orc wizards
  A bullfrog skeleton (D:4)
  7 hell rats (Lair:6)
  5 iguanas
  Terence (D:2)
  9 worker ants
  A hound zombie (D:6)
  A hound skeleton (D:8)
  A howler monkey zombie (D:8)
  Robin (D:1)
  A worker ant zombie (D:5)
  4 gnolls (D:5)
  3 howler monkey skeletons
  24 adders
  4 shadow imps
  An ooze (D:6)
  3 adder skeletons
  An adder zombie (D:6)
  3 worms
  A leopard gecko (D:1)
  82 orcs
  17 bats
  4 giant cockroaches
  18 goblins
  13 hobgoblins
  13 jackals
  2 quokkas
  2 ball pythons (D:1)
  7 frilled lizards
  17 kobolds
  A leopard gecko skeleton (D:6)
  A quokka zombie (D:5)
  8 rats
  2 briar patches (Swamp:1)
  A fungus (Lair:6)
  A plant (D:5)
788 creatures vanquished.

Vanquished Creatures (others)
  A yaktaur zombie (D:15)
  A wyvern (Lair:6)
  3 fungi
  12 plants
  A withered plant (D:15)
18 creatures vanquished.

Grand Total: 806 creatures vanquished

Notes
Turn   | Place    | Note
-------+----------+-------------------------------------------
     0 | D:1      | shitimlost the Vampire Assassin began the quest for the Orb.
     0 | D:1      | Reached XP level 1. HP: 16/16 MP: 1/1
   784 | D:1      | Reached XP level 2. HP: 22/22 MP: 2/2
  1074 | D:1      | Reached skill level 2 in Fighting
  1834 | D:2      | Reached XP level 3. HP: 27/27 MP: 3/3
  1837 | D:2      | Noticed Terence
  1873 | D:2      | Killed Terence
  2126 | D:2      | Reached XP level 4. HP: 34/34 MP: 4/4
  2384 | D:2      | Noticed Robin
  3505 | D:3      | Found a bloodstained altar of Trog.
  3505 | D:3      | Found a burning altar of Makhleb.
  3506 | D:3      | Found a glowing silver altar of Zin.
  3702 | D:3      | Reached XP level 5. HP: 32/39 MP: 5/5
  4013 | D:1      | Killed Robin
  4150 | D:3      | Found a glowing golden altar of the Shining One.
  4256 | D:3      | Reached skill level 3 in Fighting
  4979 | D:4      | Reached XP level 6. HP: 47/47 MP: 6/6
  5001 | D:4      | Noticed an ice beast
  5047 | D:4      | Killed an ice beast
  5504 | D:4      | Noticed bumaa's ghost (amateur GrFi)
  5836 | D:4      | Reached skill level 1 in Evocations
  6379 | D:4      | Reached XP level 7. HP: 45/52 MP: 8/8
  6636 | D:4      | Reached skill level 4 in Fighting
  7349 | D:5      | Entered Level 5 of the Dungeon
  7421 | D:5      | Reached skill level 5 in Short Blades
  7477 | D:5      | Reached XP level 8. HP: 47/61 MP: 9/9
  7621 | D:5      | Noticed Edmund
  7780 | D:5      | Noticed Sigmund
  7825 | D:5      | Killed Sigmund
  7825 | D:5      | Reached skill level 5 in Dodging
  8175 | D:4      | Killed bumaa's ghost
  8500 | D:5      | Killed Edmund
  8586 | D:5      | Found a shadowy altar of Dithmenos.
  8607 | D:5      | Reached skill level 10 in Stealth
  8777 | D:5      | Reached skill level 5 in Fighting
  9129 | D:6      | Found a staircase to the Ecumenical Temple.
  9157 | D:6      | Noticed Kurtz's ghost (novice OpAK)
  9209 | Temple   | Entered the Ecumenical Temple
  9218 | Temple   | Became a worshipper of Uskayaw the Reveler
  9321 | D:6      | Reached * piety under Uskayaw
  9353 | D:6      | Reached ** piety under Uskayaw
  9354 | D:6      | Reached skill level 1 in Bows
  9476 | D:5      | Reached *** piety under Uskayaw
  9510 | D:5      | Found an ancient bone altar of Kikubaaqudgha.
 10668 | D:6      | Found a large runed door.
 10668 | D:6      | Found a large runed door.
 10693 | D:6      | Found a large runed door.
 10693 | D:6      | Found a large runed door.
 10788 | D:6      | Found a shattered altar of Ashenzari.
 10797 | D:6      | Found an opulent altar of Gozag.
 10804 | D:6      | Found an ornate altar of the Wu Jian Council.
 10857 | D:6      | Reached XP level 9. HP: 68/68 MP: 10/10
 11978 | D:7      | Upgraded the game from 0.21.1 to 0.21.1-1-g345015f
 12170 | D:7      | Reached skill level 6 in Fighting
 12319 | D:7      | Got a warped leather armour
 12335 | D:7      | Identified the +3 leather armour of Happiness {*Contam rPois rC+} (You found it on level 7 of the Dungeon)
 13433 | D:8      | Got a translucent long sword
 13434 | D:8      | Identified the +6 long sword "Genimuz" {chaos, rF+} (You found it on level 8 of the Dungeon)
 13700 | D:9      | Noticed Erolcha
 13715 | D:9      | Noticed a two-headed ogre
 13728 | D:9      | Killed a two-headed ogre
 13728 | D:9      | Reached XP level 10. HP: 77/77 MP: 11/11
 13761 | D:9      | Killed Erolcha
 13761 | D:9      | Reached skill level 7 in Fighting
 13858 | D:9      | Noticed a two-headed ogre
 13886 | D:9      | Killed a two-headed ogre
 13955 | D:9      | Noticed Alphaeus's ghost (novice TrTm)
 13966 | D:9      | Reached **** piety under Uskayaw
 14795 | D:9      | Found Imaune's General Store.
 14799 | D:9      | Bought a +0 buckler for 58 gold pieces
 14852 | D:9      | Found a staircase to the Lair.
 15192 | Lair:1   | Entered Level 1 of the Lair of Beasts
 15322 | Lair:1   | Reached skill level 5 in Bows
 15343 | Lair:1   | Noticed a spiny frog
 15351 | Lair:1   | Killed a spiny frog
 15606 | Lair:1   | Learned a level 2 spell: Slow
 15988 | Lair:2   | Noticed Urug
 16863 | Lair:2   | Noticed a spiny frog
 16873 | Lair:2   | Killed a spiny frog
 16882 | Lair:2   | Reached XP level 11. HP: 49/86 MP: 12/12
 17290 | Lair:2   | Killed Urug
 17290 | Lair:2   | Reached skill level 8 in Fighting
 17418 | Lair:2   | Noticed a seven-headed hydra
 17450 | Lair:2   | Reached ***** piety under Uskayaw
 17705 | Lair:2   | Found a staircase to the Snake Pit.
 17762 | Lair:2   | Found a staircase to the Swamp.
 17807 | Lair:2   | Noticed Fannar
 17848 | Lair:2   | Killed Fannar
 17848 | Lair:2   | Reached skill level 10 in Short Blades
 18087 | Lair:2   | Killed a one-headed hydra
 18087 | Lair:2   | Reached skill level 1 in Long Blades
 18087 | Lair:2   | Reached skill level 10 in Dodging
 19530 | Lair:3   | Reached skill level 1 in Invocations
 20295 | Lair:3   | Reached skill level 9 in Fighting
 20335 | Lair:3   | Got a scorched leather armour
 20600 | Lair:3   | Noticed a four-headed hydra
 20749 | Lair:3   | Reached XP level 12. HP: 94/95 MP: 13/13
 20930 | Lair:3   | Killed a four-headed hydra
 21022 | Lair:3   | Reached skill level 1 in Unarmed Combat
 22120 | Lair:4   | Noticed a six-headed hydra
 22128 | Lair:4   | Killed a six-headed hydra
 22987 | Lair:5   | Noticed a four-headed hydra
 23005 | Lair:5   | Killed a three-headed hydra
 23005 | Lair:5   | Reached skill level 5 in Long Blades
 23005 | Lair:5   | Reached skill level 5 in Unarmed Combat
 23037 | Lair:5   | Got a brightly glowing ring mail
 23480 | Lair:5   | Found a staircase to the Slime Pits.
 23777 | Lair:5   | Found a shattered altar of Ashenzari.
 23845 | Lair:5   | Identified the cursed +1 leather armour of Duty {Int+2} (You found it on level 3 of the Lair of Beasts)
 23856 | Lair:5   | Identified the cursed +1 ring mail of the Doge {MR+ Int+5} (You found it on level 5 of the Lair of Beasts)
 23879 | Lair:5   | Gained mutation: You expend magic power (3 MP) to strengthen your wands. [mutagenic glow]
 24065 | Lair:5   | Reached XP level 13. HP: 82/103 MP: 14/16
 24360 | Lair:5   | Got a heavily runed granite ring
 24368 | Lair:5   | Reached skill level 10 in Fighting
 24370 | Lair:5   | Identified the ring "Hihobol" {rPois Int+6 Dex+3 Stlth-} (You found it on level 5 of the Lair of Beasts)
 24833 | D:9      | Killed Alphaeus's ghost
 24847 | D:9      | Bought a scroll of identify for 26 gold pieces
 24879 | D:10     | Entered Level 10 of the Dungeon
 24888 | D:10     | Reached skill level 1 in Hexes
 25017 | D:10     | Noticed Grum
 25035 | D:10     | Killed Grum
 25207 | D:10     | Reached skill level 5 in Invocations
 26172 | D:11     | Noticed Erica
 26189 | D:11     | Killed Erica
 26595 | D:11     | Found a frozen archway.
 28173 | D:12     | Found a radiant altar of Vehumet.
 28256 | D:12     | Found a staircase to the Orcish Mines.
 29004 | D:12     | Found a transporter.
 29067 | D:12     | Found a transporter.
 29190 | D:12     | Reached skill level 5 in Hexes
 29528 | D:13     | Found a shattered altar of Ashenzari.
 30155 | D:13     | HP: 3/104 [centaur warrior/arrow (18)]
 30488 | D:13     | Got a polished longbow
 30495 | D:13     | Identified the +9 longbow "Vihakhli" {venom, Dex+5} (You took it off an orc warrior on level 13 of the Dungeon)
 30786 | D:13     | Reached XP level 14. HP: 77/111 MP: 18/18
 30845 | D:13     | Got a warped triple sword {freeze}
 30926 | D:13     | Identified the +4 triple sword "Ipsyunto" {freeze, Dex+7} (You took it off an orc warrior on level 13 of the Dungeon)
 31031 | D:13     | Got a distressingly furry ring mail
 31043 | D:13     | Identified the +1 ring mail of Pyfebunk {rC- MR+ Str+4 Int+3} (You found it on level 13 of the Dungeon)
 31083 | D:13     | Found an iron altar of Okawaru.
 31091 | D:13     | Got a twisted cloak
 31102 | D:13     | Identified the -1 cloak of Action {Int+2} (You found it on level 13 of the Dungeon)
 31690 | D:14     | HP: 4/111 [slime creature (8)]
 32436 | D:14     | Got a polished dagger
 32437 | D:14     | Identified the cursed +0 dagger of Generosity {speed, *Drain +Inv MR+ Int+3} (You found it on level 14 of the Dungeon)
 32461 | D:14     | Reached skill level 1 in Armour
 32897 | D:14     | Identified a scroll of acquirement
 32898 | D:14     | Got a heavily runed hat
 32906 | D:14     | Reached skill level 11 in Fighting
 32916 | D:14     | Reached ****** piety under Uskayaw
 32941 | D:14     | Reached skill level 10 in Long Blades
 32941 | D:14     | Reached XP level 15. HP: 66/118 MP: 17/19
 32977 | D:14     | Found a gate to the Vaults.
 32998 | D:14     | Identified the +0 hat of the Crown {Str+6} (You acquired it on level 14 of the Dungeon)
 33191 | D:14     | Lost mutation: You expend magic power (3 MP) to strengthen your wands. [potion of mutation]
 33191 | D:14     | Gained mutation: You evolve. [potion of mutation]
 33191 | D:14     | Gained mutation: You are frail. (-10% HP) [potion of mutation]
 33192 | D:14     | Lost mutation: You are frail. (-10% HP) [potion of mutation]
 33192 | D:14     | Lost mutation: You evolve. [potion of mutation]
 33192 | D:14     | Gained mutation: You are weak. (Str -2) [potion of mutation]
 33192 | D:14     | Gained mutation: You have a pair of small horns on your head. [potion of mutation]
 33628 | D:15     | Entered Level 15 of the Dungeon
 34712 | D:15     | Found a staircase to the Depths.
 34932 | D:15     | Found Qeodasin's Jewellery Shoppe.
 35294 | Lair:6   | Entered Level 6 of the Lair of Beasts
 35495 | Lair:6   | Reached XP level 16. HP: 127/127 MP: 20/20
 35856 | Lair:6   | Reached skill level 10 in Bows
 37255 | Lair:6   | Reached skill level 12 in Fighting
 37845 | Lair:6   | Reached skill level 5 in Armour
 38243 | Orc:1    | Entered Level 1 of the Orcish Mines
 38577 | Orc:2    | Entered Level 2 of the Orcish Mines
 38580 | Orc:2    | Found a staircase to the Elven Halls.
 38639 | Orc:2    | Found Jeuled's Jewellery Shop.
 38682 | Orc:2    | Bought an uncursed ring of protection from cold for 325 gold pieces
 38682 | Orc:2    | Bought an uncursed ring of resist corrosion for 260 gold pieces
 38915 | Orc:2    | Noticed Saint Roka
 40392 | Orc:2    | Noticed Nergalle
 40400 | Orc:2    | Killed Saint Roka
 40402 | Orc:2    | Killed Nergalle
 40588 | Orc:2    | Found a roughly hewn altar of Beogh.
 40633 | Orc:2    | Found Kiokoint's General Store.
 40643 | Orc:2    | Bought a potion of curing for 42 gold pieces
 40656 | Orc:2    | Found Limnyupt's Antique Armour Emporium.
 40684 | Orc:2    | Found Vokhil's Book Emporium.
 40710 | Orc:2    | Bought a smelly ring mail for 270 gold pieces
 40720 | Orc:2    | Identified the cursed +1 ring mail "Ciont" {rElec Int+5 Slay+3} (You bought it in a shop on level 2 of the Orcish Mines)
 40751 | Orc:2    | Found Jaon's Antique Weapon Emporium.
 41452 | Swamp:1  | Entered Level 1 of the Swamp
 41506 | Swamp:1  | Noticed a thorn hunter
 41522 | Swamp:1  | Killed from afar by a thorn hunter

Skill      XL: |  1  2  3  4  5  6  7  8  9 10 11 12 13 14 15 16 |
---------------+-------------------------------------------------+-----
Stealth        | 6 7 8 9 10 11 | 11.1
Fighting       | 2 3 4 5 6 7 9 10 11 12 | 12.4
Dodging        | 2 3 4 6 7 9 10 | 10.7
Short Blades   | 3 4 5 6 8 9 10 | 10.0
Evocations     | 1 2 |  2.1
Bows           | 1 4 5 6 7 8 9 10 | 10.6
Long Blades    | 3 5 7 10 11 | 11.7
Invocations    | 2 4 6 |  6.3
Unarmed Combat | 6 7 |  7.5
Hexes          | 5 8 9 |  9.1
Armour         | 2 4 6 |  6.0
Throwing       | |  1.7

Action                   |  1- 3 |  4- 6 |  7- 9 | 10-12 | 13-15 | 16-18 || total
-------------------------+-------+-------+-------+-------+-------+-------++-------
Melee: Dagger            |    93 |   239 |   323 |    83 |   154 |     1 ||   893
       Bite              |     8 |    21 |    55 |    47 |    78 |    18 ||   227
       Unarmed           |       |    44 |     7 |       |       |       ||    51
       Scythe            |       |       |    51 |    14 |     1 |       ||    66
       Long sword        |       |       |    18 |   181 |   131 |       ||   330
       Punch             |       |       |       |     2 |     6 |     1 ||     9
       Great sword       |       |       |       |       |    39 |       ||    39
       Triple sword      |       |       |       |       |    87 |   108 ||   195
       Headbutt          |       |       |       |       |    23 |    39 ||    62
 Fire: Blowgun           |     5 |    26 |    28 |     3 |     2 |       ||    64
       Shortbow          |       |       |    84 |   448 |   157 |       ||   689
       Longbow           |       |       |       |       |   212 |   295 ||   507
Throw: Stone             |       |     1 |    28 |       |       |       ||    29
       Javelin           |       |       |       |       |     3 |       ||     3
 Cast: Slow              |       |       |       |       |     1 |       ||     1
Invok: Stomp             |       |       |     3 |     7 |     3 |       ||    13
       Line Pass         |       |       |       |    13 |    10 |     1 ||    24
 Abil: Bat Form          |       |    15 |    19 |     5 |     9 |     4 ||    52
       End Transformatio |       |    15 |    19 |     5 |     9 |     3 ||    51
       Evoke Berserk Rag |       |     1 |     1 |     1 |       |       ||     3
Evoke: Wand              |       |       |     1 |     3 |    10 |     1 ||    15
       Lightning rod     |       |       |       |     6 |     5 |       ||    11
  Use: Potion            |     1 |    13 |    19 |    32 |    38 |    25 ||   128
       Scroll            |       |     8 |     9 |     7 |    16 |     3 ||    43
 Stab: Sleeping          |     6 |     9 |    34 |     4 |    12 |     4 ||    69
       Distracted        |       |     1 |     1 |     1 |       |       ||     3
       Paralysed         |       |       |     6 |    13 |    35 |    18 ||    72
       Confused          |       |       |       |     3 |       |       ||     3
       Petrified         |       |       |       |     3 |       |       ||     3
       Petrifying        |       |       |       |       |     2 |       ||     2
Armor: Robe              |    41 |    45 |    51 |       |       |       ||   137
       Leather armour    |       |       |    20 |   109 |       |       ||   129
       Ring mail         |       |       |       |       |   146 |    56 ||   202
Dodge: Dodged            |    91 |   178 |   278 |   412 |   471 |   298 ||  1728
       Rpst.: Long sword |       |       |     3 |    35 |    24 |       ||    62
       Great sword       |       |       |       |       |    11 |       ||    11
       Triple sword      |       |       |       |       |    45 |    51 ||    96
